[Event "55th Iranian-ch Men Final 2022"]
[Site "Iran"]
[Date "2022.06.19"]
[Round "6.7"]
[White "Naderi, Abdollah"]
[Black "Omidi, Arya"]
[Result "0-1"]
[ECO "E66"]
[WhiteElo "2050"]
[BlackElo "2321"]
[Annotator "TA"]
[PlyCount "160"]
[EventDate "2022.06.15"]
[EventType "tourn"]
[EventCountry "IRI"]
[SourceTitle "playchess.com"]
[Source "ChessBase"]
[SourceQuality "1"]
[TimeControl "40/5400+30:1800+30"]

1. Nf3 Nf6 2. d4 g6 3. g3 Bg7 4. Bg2 O-O 5. O-O d6 6. c4 Nc6 7. Nc3 a6 8. d5 Na5 9. Nd2 c5 10. Qc2 Rb8 11. b3 b5 12. Bb2 Bf5 13. e4 Bd7 14. h3 {[%emt 0:09:16] E66: King's Indian: Fianchetto: 6...c5 7 0-0 Nc6 8 d5.} (14. Nd1 $14) 14... e5 $11 15. Ne2 Nh5 {[%emt 0:08:56] [#]} 16. Rae1 $146 {[%emt 0:20:22] The position is equal.} ({Predecessor:} 16. Bc3 f5 17. exf5 Bxf5 18. Qd1 Nf6 19. Re1 Bh6 20. f4 exf4 21. Nxf4 Bxf4 22. gxf4 {0-1 (28) Berry,N (2327)-Rapport,R (2547) Rogaska Slatina 2011}) 16... bxc4 17. bxc4 f5 18. Kh2 {[%emt 0:12:18] [#]} (18. Bc3 $14) 18... f4 (18... Ba4 $1 $11 19. Qc3 Bh6) 19. Bc3 $14 Bh6 20. Qd3 (20. g4 $14 Nf6 21. Rb1) 20... Nb7 21. Nf3 Qe7 (21... fxg3+ $11 22. fxg3 Na5) 22. Rb1 ({White should play} 22. g4 $16 Ng7 23. Rb1) 22... Ba4 $2 (22... fxg3+ $14 23. fxg3 Bc8) 23. Rb6 (23. g4 $18 {and the rest is easy.}) 23... fxg3+ 24. fxg3 Qc7 25. Rfb1 (25. Rxa6 $16 Ra8 26. Rxa8 Rxa8 27. Bd2 Bxd2 28. Nxd2 (28. Qxd2 Qe7 $16)) 25... Nf6 (25... Bb5 $1 $14) 26. g4 $18 (26. Rxa6 Ra8 27. Rxa8 Rxa8 $16) 26... Nd7 27. Rxa6 ({Better is} 27. R6b2 $1 $18) 27... Ra8 $16 28. Rxa8 Rxa8 29. g5 $36 {[%emt 0:01:00][%mdl 2048] Black is under strong pressure.} Bg7 30. Be1 Nb6 31. h4 Na5 32. Bxa5 Rxa5 33. Bh3 h5 $2 (33... Qd8 $16 {is tougher.} 34. Be6+ Kh8) 34. gxh6 $1 $18 Bxh6 35. Be6+ Kg7 36. Rf1 $2 (36. h5 $18) 36... Be8 $1 $14 37. Ng5 (37. h5 $5) 37... Rxa2 38. Rf2 (38. Qf3 Qe7 39. Rf2 Nxc4 $17) 38... Qe7 39. Qb3 Ra6 (39... Qa7 $11) 40. Rg2 (40. Ng3 $1 $14) 40... Bxg5 41. hxg5 (41. Rxg5 Nd7 $15) 41... Qf8 $1 42. Bc8 Qh8+ 43. Kg3 Bd7 44. Bxd7 Nxd7 45. Qb7 (45. Rh2 Qa8 46. Kg4 Qc8 $15) 45... Ra3+ 46. Kf2 Qf8+ 47. Ke1 Ra1+ 48. Kd2 Qd8 49. Nc3 Rf1 50. Qa7 Rf7 51. Qa6 Nb6 52. Rg3 Nc8 53. Kd3 Qh8 54. Re3 Ra7 55. Qc6 Qf8 56. Ke2 Rf7 (56... Ra1 $2 57. Qd7+ Qe7 58. Qxc8 $18 (58. Qh3 Qxg5 59. Rg3 Qf6 $16)) 57. Kd3 Ra7 58. Ke2 Qd8 (58... Ra1 $2 59. Qd7+ Qe7 60. Qxc8 $18 (60. Qh3 Qxg5 61. Rg3 Qd8 $16)) 59. Rf3 Ne7 60. Qb5 Ng8 61. Rg3 Rf7 (61... Qf8 $1 $11 {keeps the balance.}) 62. Kd3 (62. Qb1 $1 $16) 62... Ne7 (62... Qf8 $11) 63. Qa6 (63. Qb2 $16) 63... Nc8 64. Qa1 {[%emt 0:00:24] Qh1 is the strong threat.} (64. Qa2 $5 ) 64... Qh8 {[%emt 0:01:16] Prevents Qh1.} 65. Qa6 Qh4 66. Re3 Qg4 67. Kd2 Ra7 68. Qc6 Qg2+ 69. Kd3 ({Much weaker is} 69. Ne2 Qxg5 $1 70. Nc3 (70. Qxc8 Ra2+ 71. Kd3 Ra3+ 72. Nc3 Rxc3+ 73. Kxc3 Qxe3+ 74. Kb2 Qe2+ 75. Kb3 Qe1 $17) 70... Qd8 $15) 69... Qg4 70. Re2 Rf7 (70... Ra3 71. Qc7+ Kg8 72. Qd8+ Kf7 73. Rf2+ (73. Kd2 $2 Qf3 $19) 73... Qf4 74. Rxf4+ $18) 71. Re3 Rf8 72. Qc7+ Kg8 73. Qb7 Qxg5 74. Qd7 {[%emt 0:00:37] Against Qg4} Qf6 {[%emt 0:00:51] White must now prevent ...Qf1+.} 75. Rh3 Ne7 76. Qg4 (76. Kc2 $11) 76... Kg7 $15 77. Qd7 {[%emt 0:00:34] [#]} ({White should try} 77. Qg1 $15) 77... Rf7 $1 $17 {[%emt 0:00:17][%cal Oe7d5] Hoping for ...Nxd5! The board is on fire.} 78. Qg4 (78. Qe6 $17 {was the only defense.}) 78... Qf1+ $19 ({Not} 78... Qf2 79. Re3 $17) 79. Kd2 $2 (79. Kc2) 79... Rf2+ 80. Ne2 {[%emt 0:00:08] [#]} Rxe2+ $1 {[%emt 0:00:10][%mdl 512] What a bad dream for White.  Weighted Error Value: White=0.31/Black=0.32} 0-1

[Event "55th Iranian-ch Men Final 2022"]
[Site "Iran"]
[Date "2022.06.19"]
[Round "7.1"]
[White "Omidi, Arya"]
[Black "Mosadeghpour, Masoud"]
[Result "0-1"]
[ECO "C45"]
[WhiteElo "2321"]
[BlackElo "2474"]
[Annotator "TA"]
[PlyCount "81"]
[EventDate "2022.06.15"]
[EventType "tourn"]
[EventCountry "IRI"]
[SourceTitle "playchess.com"]
[Source "ChessBase"]
[SourceQuality "1"]
[TimeControl "40/5400+30:1800+30"]

1. e4 e5 2. Nf3 Nc6 3. d4 exd4 4. Nxd4 Bc5 5. Nb3 Bb4+ 6. c3 Be7 7. f4 {[%emt 0:13:15] C45: Scotch Game.} d6 8. Bd3 Bh4+ 9. g3 {[%emt 0:00:38] White is slightly better.} Be7 10. Be3 {[%emt 0:13:23] [#]} h5 $146 ({Predecessor:} 10... Nf6 11. h3 Be6 12. N1d2 Qc8 13. g4 Nd7 14. Qe2 g5 15. fxg5 Nde5 16. Nd4 Qd7 {1-0 (56) Novikov,S (2512)-Lukjanenko,A (2388) Sochi 2005}) 11. N1d2 Bg4 12. Be2 Qd7 13. Bxg4 (13. h3 $5 Bxe2 14. Qxe2 $14 (14. Kxe2 f5 $11)) 13... Qxg4 14. Qxg4 hxg4 15. Kf2 Nf6 16. Kg2 Rh3 17. Rhe1 O-O-O 18. Nd4 Nxd4 19. Bxd4 g5 ({Black should play} 19... Nd7 $11) 20. Bxf6 ({But not} 20. fxg5 Nd7 $11) (20. Bxa7 gxf4 21. Bd4 f3+ 22. Kg1 (22. Nxf3 $2 gxf3+ 23. Kxf3 Rxh2 $19) 22... Nd7 $17) (20. e5 $1 $14 Nh7 21. exd6 Bxd6 22. fxg5 (22. Bxa7 $2 gxf4 23. Ne4 f5 $17)) 20... Bxf6 $11 21. f5 Rdh8 22. Rh1 Re8 23. Rae1 b5 24. Re2 a5 25. a3 Kd7 26. Rd1 Rhh8 (26... a4 $11) 27. Nb3 $1 $14 Re5 {[%emt 0:10:08] Against Nc5+} 28. Nxa5 (28. Nc1 $5 ) 28... Rhe8 29. Rde1 d5 30. Nb3 dxe4 (30... Bd8 $11 {keeps the balance.}) 31. Rxe4 $16 Rxe4 ({Better is} 31... Kd6 32. Nd2 Rxe4 33. Nxe4+ Kc6) 32. Rxe4 Rxe4 (32... Re7 $16 {is a better defense.} 33. Rxe7+ (33. Rxg4 Re2+ 34. Kh3 Rxb2 $14) 33... Bxe7) 33. Nc5+ $18 Kd6 $2 (33... Kc6 34. Nxe4 Be7) 34. Nxe4+ Ke5 (34... Ke7 $142 35. Kf2 Be5) 35. Nxf6 Kxf6 {[%emt 0:00:02][%mdl 4096] Endgame KP-KP} 36. h4 {[%emt 0:00:26] Black must now prevent h5.} gxh3+ 37. Kxh3 Kxf5 {[%emt 0:00:11] [#]} 38. b3 $2 (38. c4 $1 $18 bxc4 39. a4) 38... c5 $11 39. c4 $2 (39. Kg2 $11) 39... bxc4 40. bxc4 {[%emt 0:00:00] [#]} Ke5 $1 41. Kg4 {[%emt 0:22:15] What a bad dream for White.  Weighted Error Value: White=0.52/Black=0.24 (precise)} 0-1

[Event "55th Iranian-ch Men Final 2022"]
[Site "Iran"]
[Date "2022.06.19"]
[Round "7.2"]
[White "Rastbod, Ali"]
[Black "Naderi, Abdollah"]
[Result "1-0"]
[ECO "A31"]
[WhiteElo "2362"]
[BlackElo "2050"]
[Annotator "TA"]
[PlyCount "99"]
[EventDate "2022.06.15"]
[EventType "tourn"]
[EventCountry "IRI"]
[SourceTitle "playchess.com"]
[Source "ChessBase"]
[SourceQuality "1"]
[TimeControl "40/5400+30:1800+30"]

1. d4 Nf6 2. Nf3 g6 3. c4 c5 4. dxc5 Qa5+ 5. Nc3 Qxc5 6. e4 {[%emt 0:04:27] A31: Symmetrical English: 2 Nf3 Nf6 3 d4.} d6 {[%emt 0:07:14] Prevents e5.} 7. Be2 Bg7 8. Be3 {[%emt 0:00:57] White is slightly better.} Qa5 9. O-O O-O 10. h3 Nc6 11. a3 Be6 12. Ng5 Bd7 13. b4 Qd8 (13... Qe5 $2 14. Rc1 h6 15. f4 Qxc3 16. Rxc3 $18) 14. Qd2 h6 15. Nf3 Kh7 16. Rac1 Be6 {[%emt 0:00:56] [#]} 17. Bd3 $146 ({Predecessor:} 17. Rfd1 Rc8 18. Qe1 Nd7 19. Nd5 b6 20. Nf4 a5 21. Nxe6 fxe6 22. c5 bxc5 23. bxc5 Bb2 24. Rc2 Bxa3 25. cxd6 exd6 {1-0 (35) Kobo,O (2490)-Ribshtein,N (2291) Ramat Gan 2021}) 17... Nd7 18. Nd5 a5 ({Better is} 18... Nde5) 19. b5 $16 {[%emt 0:18:11] 0x0.000861499656dp-1022s more active pieces.} Bxd5 20. cxd5 ({Don't take} 20. exd5 $6 Nce5 $16) 20... Nce5 21. Nxe5 Nxe5 22. b6 $1 Nd7 23. Rc7 Nc5 24. Bxc5 dxc5 25. Rxb7 Qd6 26. Rb1 Rac8 (26... c4 $142) 27. Qe2 Rb8 28. Rxb8 Rxb8 29. b7 Bd4 30. Ba6 Kg7 31. a4 Qf6 (31... h5 $142 32. Kh1 Qf6) 32. Rf1 h5 {[%emt 0:01:12] [#]} 33. Kh1 $1 Qf4 34. g3 Qd6 35. h4 Qd7 {[%emt 0:00:08] And now ...Qh3+ would win.} 36. Kg2 {[%emt 0:00:48] Inhibits Qh3+.} Qxa4 37. Rb1 {[%emt 0:00:03] Against Qb4} Qd7 38. Qb5 Qc7 (38... Qxb5 $16 {might work better.} 39. Rxb5 a4) 39. f4 $18 Qd6 40. Qc6 f6 (40... c4 41. Qxc4 f6) 41. Qxd6 exd6 {[%emt 0:01:14][%mdl 4096] Endgame KRB-KRB} 42. Rb6 c4 43. Rc6 Bc5 (43... c3 $142 44. Rc7+ (44. Rxd6 $2 a4 $19) 44... Kh6) 44. e5 fxe5 45. fxe5 a4 46. exd6 Bb4 47. Bxc4 (47. d7 $142 Ba5 48. Rc8 Rxb7 49. Bxb7) 47... a3 48. d7 Ba5 49. Ra6 (49. d6 $142 Rxb7 {[#]} 50. Rc7 $1 Rxc7 51. d8=Q Rxc4 52. Qxa5) 49... Bc7 50. d6 {[%emt 0:00:30] Weighted Error Value: White=0.08 (flawless) /Black=0.46} 1-0

[Event "55th Iranian-ch Men Final 2022"]
[Site "Iran"]
[Date "2022.06.19"]
[Round "7.3"]
[White "Tahbaz, Arash"]
[Black "Poormosavi, Seyed Kian"]
[Result "1-0"]
[ECO "B15"]
[WhiteElo "2451"]
[BlackElo "2358"]
[Annotator "TA"]
[PlyCount "73"]
[EventDate "2022.06.15"]
[EventType "tourn"]
[EventCountry "IRI"]
[SourceTitle "playchess.com"]
[Source "ChessBase"]
[SourceQuality "1"]
[TimeControl "40/5400+30:1800+30"]

1. e4 c6 2. d4 d5 3. Nd2 dxe4 4. Nxe4 Nf6 5. Nxf6+ exf6 6. c3 Bd6 7. Bd3 O-O 8. Qc2 Re8+ {[%emt 0:00:13] B15: Caro-Kann: 3 Nc3: 3...g6 and 3...dxe4 4 Nxe4 Nf6 5 Nxf6+ exf6.} 9. Ne2 h5 10. Be3 Nd7 {[%emt 0:00:20] The position is equal.} 11. O-O-O Nf8 12. c4 Be6 13. Kb1 Rc8 14. Nc3 Bb4 15. Ne4 b5 {[%emt 0:06:52] [#]} (15... Be7 $11 {remains equal.}) 16. c5 $1 $16 {[%emt 0:01:48] Black is on the road to losing.} Qd5 {[%emt 0:18:53] [#]} 17. a3 $146 {[%emt 0:05:03] Active counter play!} ({Predecessor:} 17. b3 a5 18. Nd6 a4 19. bxa4 f5 20. axb5 cxb5 21. Nxe8 Rxe8 22. Qb3 f4 23. Qxd5 Bxd5 {½-½ (63) Willow,J (2386)-Villegas,P (2364) Chess.com INT 2020}) 17... Qa2+ 18. Kc1 Bb3 (18... Ba5 $142) 19. Qb1 Qxb1+ 20. Kxb1 Ba5 21. Nd6 $1 Bd5 (21... Bc7 $16) 22. Nxc8 Rxc8 23. b4 Bc7 24. f3 g6 (24... h4 $142 25. Be4 Bxe4+ 26. fxe4 Re8) 25. Be4 $18 Bxe4+ 26. fxe4 Re8 27. Bf2 Rxe4 28. Bg3 (28. d5 $6 cxd5 29. Rxd5 Re6 $18) 28... Ne6 (28... Re7 $142 29. Bxc7 Rxc7) 29. d5 cxd5 30. Rxd5 Bxg3 31. hxg3 {[%emt 0:00:03][%mdl 4096] Endgame KRR-KRN} Re3 32. c6 Rb3+ (32... Rxa3 {was necessary.} 33. Rxb5 Rb3+ 34. Ka1 Rc3) 33. Kc2 {[%emt 0:02:34] White is clearly winning.} Rxg3 34. Re1 Rxg2+ 35. Kb1 h4 {[%emt 0:01:58] [#]} 36. Rxe6 $1 {[%emt 0:00:16][%mdl 512] aiming for Re8+.} fxe6 (36... h3 37. Re1) 37. Rd8+ {[%emt 0:02:02] Weighted Error Value: White=0.04 (flawless) /Black=0.34} 1-0

[Event "55th Iranian-ch Men Final 2022"]
[Site "Iran"]
[Date "2022.06.19"]
[Round "7.4"]
[White "Ashraf, Artin"]
[Black "Daghli, Arash"]
[Result "1/2-1/2"]
[ECO "A81"]
[WhiteElo "2096"]
[BlackElo "2441"]
[Annotator "TA"]
[PlyCount "122"]
[EventDate "2022.06.15"]
[EventType "tourn"]
[EventCountry "IRI"]
[SourceTitle "playchess.com"]
[Source "ChessBase"]
[SourceQuality "1"]
[TimeControl "40/5400+30:1800+30"]

1. d4 f5 2. g3 Nf6 3. Bg2 g6 4. c3 Bg7 5. Qb3 Nc6 6. Nh3 d5 {[%emt 0:00:22] is the legacy move (6...b6). A81: Dutch Defence: 2 g3.} 7. Nf4 e6 8. Nd2 O-O {[%emt 0:00:06] White has an edge.} 9. Nf3 Ne4 10. O-O b6 11. Nd3 a5 12. Qc2 Ba6 {[%emt 0:01:02] [#]} 13. b3 $146 ({Predecessor:} 13. Rd1 Qe7 14. b3 a4 15. Rb1 axb3 16. axb3 Bb5 17. Be3 Ra3 18. h4 Rfa8 19. Ng5 {½-½ (58) Le,Q (2577)-Swiercz,D (2456) Gaziantep 2008}) 13... g5 14. Ba3 Re8 15. Rfd1 Rc8 16. e3 (16. Nfe5 $5 Nxe5 17. dxe5 $11) 16... g4 17. Nd2 Ne7 18. Rac1 Ng6 (18... c5 $15 {might be stronger.} 19. Nxe4 dxe4) 19. c4 $11 c6 20. f4 gxf3 21. Nxf3 b5 22. c5 (22. Nc5 $11 Nxc5 23. Bxc5) 22... b4 $15 23. Bb2 Bxd3 24. Qxd3 h5 $1 25. Rc2 Bh6 (25... h4 $17 26. g4 Rf8 27. gxf5 Rxf5) 26. Rf1 Re7 27. Kh1 Rg7 28. Bh3 $1 Qc7 29. Rg2 Rf8 30. Bc1 Nh8 31. Qd1 Nc3 32. Qd3 (32. Qe1 $5 ) 32... Nf7 33. Bd2 Ne4 ({Much less strong is} 33... Nxa2 34. Ra1 Nc3 35. Bxc3 bxc3 36. Qxc3 $14) 34. Rgg1 Bg5 35. Be1 Nh6 36. Rg2 Ng4 {[%emt 0:02:29] Pair of Knights!} 37. Re2 Rf6 38. Rg1 (38. Nxg5 $17 Rxg5 39. Qa6) 38... Rh6 (38... Bxe3 $1 $19 {and Black stays clearly on top. Hoping for ...Bf2.} 39. Rf1 Bh6) 39. Rgg2 Rf6 (39... Rhg6 $17) 40. Rg1 $19 Bxe3 $1 41. Bxg4 (41. Rf1 {is a better defense.} Bh6 42. Bg2) 41... fxg4 ({Better is} 41... Bxg1 $19 42. Bh3 Bxh2 $1 43. Rxh2 f4 44. gxf4 Qxf4) 42. Rxe3 $17 gxf3 43. Rxf3 Rxf3 44. Qxf3 Qf7 45. Kg2 {[%emt 0:09:33] [#]} Qg6 $1 46. Rf1 {[%emt 0:05:15] [#]} Ng5 ({Black should try} 46... Rf7 $1 $17 47. Qe2 Rxf1 48. Kxf1 Kf7) 47. Qe2 Rf7 48. Rxf7 Kxf7 $15 {[%emt 0:00:02][%mdl 4096] Endgame KQB-KQN} 49. Bd2 Qe4+ 50. Qxe4 Nxe4 {[%emt 0:00:01] KB-KN} 51. Bf4 Nc3 52. Bc7 a4 (52... Nxa2 $15 53. Bxa5 Nc1 54. Bxb4 Nxb3) 53. bxa4 $11 {[%emt 0:01:12] The position is equal.} Ke8 (53... Nxa2 $5 54. a5 b3 $11) 54. Kf2 {[%emt 0:04:10] Black must now prevent a5.} Nxa2 {[%emt 0:03:12] Threatens to win with ...b3.} 55. Ke3 Nc3 56. Ba5 Nxa4 {[%emt 0:00:33] ...b3 is the strong threat.} 57. Bxb4 Nb2 58. Bc3 Nd1+ 59. Kd3 Nxc3 60. Kxc3 Kf7 61. Kd3 {[%emt 0:00:30] aiming for Ke3.} Kf6 {[%emt 0:01:06] White happily takes the draw.  Weighted Error Value: White=0.10 (very precise) /Black=0.14 (very precise)} 1/2-1/2

[Event "55th Iranian-ch Men Final 2022"]
[Site "Iran"]
[Date "2022.06.19"]
[Round "7.5"]
[White "Ghaem Maghami, Ehsan"]
[Black "Daneshvar, Bardiya"]
[Result "1/2-1/2"]
[ECO "D45"]
[WhiteElo "2519"]
[BlackElo "2486"]
[Annotator "TA"]
[PlyCount "46"]
[EventDate "2022.06.15"]
[EventType "tourn"]
[EventCountry "IRI"]
[SourceTitle "playchess.com"]
[Source "ChessBase"]
[SourceQuality "1"]
[TimeControl "40/5400+30:1800+30"]

1. c4 c6 2. Nf3 d5 3. e3 Nf6 4. Nc3 e6 5. Qc2 a6 6. d4 c5 7. dxc5 {[%emt 0:00:00] D45: Semi-Slav: 5 e3.} Bxc5 8. a3 dxc4 9. Bxc4 {[%emt 0:00:00] The position is equal.} b5 10. Bd3 Nbd7 11. Ne4 Nxe4 12. Bxe4 Ra7 13. Bd2 {[%emt 0:00:00] [#]} Rc7 $146 ({Predecessor:} 13... Bb7 14. Bc3 Bxe4 15. Qxe4 O-O 16. Rd1 Qe7 17. O-O Rc8 18. Rd3 Nf6 19. Qe5 Rd7 {1-0 (53) Lautier,J (2680)-Najer,E (2641) Khanty-Mansiysk 2005}) 14. Bc3 b4 15. Bxg7 Bd4 16. Bxd4 ({Of course not} 16. Nxd4 Rxc2 17. Bxh8 Rc4 $11) ({Better is} 16. Bxh8 $11 Rxc2 17. Bxd4) 16... Rxc2 $15 17. Bxc2 {[%emt 0:00:00] This bishop pair is nice.} Rg8 18. axb4 (18. O-O $15) 18... Rxg2 $17 19. O-O-O (19. Be4 $15) 19... Qc7 (19... Rxf2 $19 {White must now prevent ...Bb7.} 20. Rhf1 Rxf1 21. Rxf1 Bb7) 20. Nd2 Bb7 21. e4 {[%emt 0:00:00] Black is better.} a5 22. bxa5 Qxa5 23. Kb1 Ba6 {[%emt 0:00:30] Weighted Error Value: White=0.24 (precise) /Black=0.11 (very precise)} 1/2-1/2

[Event "55th Iranian-ch Men Final 2022"]
[Site "Iran"]
[Date "2022.06.19"]
[Round "7.6"]
[White "Mousavi, Seyed Khalil"]
[Black "Khamisi, S Jafar"]
[Result "1-0"]
[ECO "D15"]
[WhiteElo "2524"]
[BlackElo "2118"]
[Annotator "TA"]
[PlyCount "79"]
[EventDate "2022.06.15"]
[EventType "tourn"]
[EventCountry "IRI"]
[SourceTitle "playchess.com"]
[Source "ChessBase"]
[SourceQuality "1"]
[TimeControl "40/5400+30:1800+30"]

1. Nf3 d5 2. d4 Nf6 3. c4 c6 4. Nc3 dxc4 5. e4 b5 $1 6. Be2 {[%emt 0:00:14] D15: Slav Defence: 4 Nc3 a6 and gambit lines after 4 Nc3 dxc4.} e6 7. O-O Bb7 8. b3 {[%emt 0:00:08] The position is equal.} Bb4 9. e5 Bxc3 10. exf6 gxf6 11. Rb1 c5 12. bxc4 b4 {[%emt 0:03:17][%cal Rc5d4] [#]} 13. Bb2 $146 ({Predecessor:} 13. Qc2 cxd4 14. Bh6 Ke7 15. Bg7 Rg8 16. Qxh7 d3 17. Rfd1 dxe2 18. Rxd8 Rxd8 19. Ne1 {0-1 (41) Costachi,M (2471)-Miron,L (2507) Chess.com INT 2020}) 13... Bxb2 14. Rxb2 Nc6 15. d5 Ne5 16. Rd2 exd5 17. cxd5 Qd6 18. Bb5+ {[%emt 0:01:55][%mdl 1024] White has compensation.} Kf8 19. Nh4 (19. Nxe5 $11 fxe5 20. Qh5) 19... Bc8 $15 20. Re1 Rb8 (20... Kg7 $15) 21. Ba4 (21. f4 $1 $11 Rxb5 22. fxe5 fxe5 23. Qh5) 21... Bg4 (21... Kg7 $15 {keeps the upper hand.}) 22. f3 $16 Ng6 $2 {[%emt 0:04:22] This costs Black the game.} (22... Bc8 $16 {was necessary.}) 23. fxg4 $18 {[%emt 0:00:31] Nf5 is the strong threat.} Nxh4 24. Rf2 $1 {[%emt 0:00:54][%cal Og4g5] Black must now prevent g5!} (24. g3 $6 Ng6 $16) 24... Kg7 $2 (24... Rg8 {keeps fighting.} 25. g3 f5) 25. g5 Rhd8 (25... fxg5 $2 26. Qa1+ Kg8 27. Be8) 26. gxf6+ (26. Qh5 Ng6 27. gxf6+ Kh8 $18) 26... Kh8 27. Bc2 {[%emt 0:01:42][%cal Oc2h7] Strongly threatening Bxh7!} (27. Qg4 Ng6 28. h4 b3 $16) 27... Re8 28. Re7 (28. Rxe8+ Rxe8 29. Bxh7 $1 ) 28... Rxe7 29. fxe7 Qxe7 30. d6 $40 {[%emt 0:00:31][%cal Bd5d6,Bd6d7][%mdl 160] White wants a kill.} Qe3 31. Kf1 ({Much less strong is} 31. d7 Rd8 $16) 31... Qe6 {[%emt 0:02:46] [#]} (31... Kg7) 32. Bb3 $1 {[%emt 0:01:41][%mdl 64] Skewer} Qe5 {[%emt 0:00:23] Against Qa1} 33. Rxf7 Nf5 $2 (33... Qe4) 34. Qb1 Ng7 35. d7 ({Not} 35. Kg1 Qxd6 36. Qb2 (36. Rxa7 $2 Qd4+ 37. Kh1 c4 $19) 36... Qd4+ 37. Qxd4 cxd4 $16) 35... Qxh2 (35... Qd4 $18 36. Qc2 Rd8) 36. Qe4 Qh1+ 37. Kf2 Qh6 38. Rf4 (38. Qe7 $142 Qd2+ 39. Kg1 h5 40. Rf8+ Rxf8 41. Qxf8+ Kh7 42. Bg8+ Kg6 43. Qf7+ Kg5 44. Qxg7+ Kf5 45. Qf7+ Kg5 46. Qe7+ Kg4 47. Be6+ Kg3 48. Qg7+ Kf4 49. Qh6+ Ke5 50. Qxd2 Kf6 51. d8=Q+ Kg7 52. Qg8+ Kf6 53. Qdg5#) 38... Rd8 39. Qe5 Qg6 40. Qe7 {[%emt 0:00:00] Weighted Error Value: White=0.22 (precise) /Black=0.85} 1-0

[Event "55th Iranian-ch Men Final 2022"]
[Site "Iran"]
[Date "2022.06.19"]
[Round "7.7"]
[White "Atakhan, Abtin"]
[Black "Darini, Pouria"]
[Result "1-0"]
[ECO "D87"]
[WhiteElo "2358"]
[BlackElo "2431"]
[Annotator "TA"]
[PlyCount "123"]
[EventDate "2022.06.15"]
[EventType "tourn"]
[EventCountry "IRI"]
[SourceTitle "playchess.com"]
[Source "ChessBase"]
[SourceQuality "1"]
[TimeControl "40/5400+30:1800+30"]

1. d4 Nf6 2. c4 g6 3. Nc3 d5 4. cxd5 Nxd5 5. e4 Nxc3 6. bxc3 Bg7 7. Bc4 c5 8. Ne2 Nc6 9. Be3 O-O 10. O-O b6 11. h4 {[%emt 1:32:21][%cal Bh2h4,Bh4h5][%mdl 32] D87: Exchange Grünfeld: Classical Line: Variations without ...cxd4.} cxd4 12. cxd4 Bb7 13. h5 {[%emt 0:00:00] The position is equal.} Rc8 14. Rc1 (14. h6 $5 Bf6 15. Rc1 $11) 14... Na5 15. Bd3 Rxc1 16. Qxc1 Qd7 {[%emt 0:00:03] [#]} 17. Bh6 $146 ({Predecessor:} 17. h6 Rc8 18. Qb2 Bf8 19. Rc1 e6 20. f3 Nc6 21. Bc4 Na5 22. Bd3 Nc6 23. Bc4 Na5 {½-½ (23) Riazantsev,A (2642)-Xu,X (2576) China 2019}) 17... Rc8 18. Qe3 Nc4 19. Bxc4 Rxc4 20. Bxg7 Kxg7 21. h6+ (21. d5 {looks sharper.} Qb5 22. Nd4 Qc5 23. Rd1) 21... Kf8 22. d5 Ke8 23. Nd4 e5 24. Nf3 f6 25. Nd2 Rc2 26. f4 Ba6 (26... Rxa2 27. fxe5 Qc7 28. Rxf6 Ra1+ 29. Kf2 $18) 27. Rf2 {[%emt 0:00:00] Hoping for fxe5.} Rc1+ (27... Rxa2 28. fxe5 Qc7 29. Rxf6 (29. exf6 Ra1+ 30. Nf1 Rxf1+ 31. Rxf1 Bxf1 $11) 29... Ra1+ 30. Kf2 $18) 28. Kh2 Qg4 29. Qh3 {[%emt 0:00:00] Prevents Qh4.} Qxh3+ 30. Kxh3 exf4 31. Rxf4 $11 {[%emt 0:00:00][%mdl 4096] Endgame KRB-KRN} Ke7 32. Kh2 Rd1 (32... Bb5 $15) 33. Rf2 Bd3 34. g4 {[%emt 0:00:00] [#]} (34. Kg3 $11 {keeps the balance.}) 34... Re1 (34... g5 $1 $17) 35. g5 (35. Kg3 $11) 35... fxg5 $17 36. Nf3 Rxe4 37. Nxg5 Rh4+ 38. Kg3 {[%emt 0:00:00] [#]} Rxh6 ({Better is} 38... Rh5 $1 $17 39. Nxh7 Rxh6) 39. Rf7+ $11 Kd6 {[%emt 0:00:00] Threatens to win with ...Rh1.} 40. Rf3 {[%emt 0:00:00] Nf7+ is the strong threat.} Rh5 41. Nf7+ Kxd5 42. Rxd3+ {[%emt 0:00:00] KRN-KR} Kc4 43. Rd1 Kc3 44. Nd6 Kc2 45. Re1 Rd5 46. Ne4 Kd3 47. Nf2+ Kc4 48. Rc1+ Kb4 49. Rc2 Rf5 50. Ne4 Ka3 51. Nd2 Rc5 52. Nb1+ Kb4 53. Rb2+ Ka5 54. Nd2 {[%emt 0:00:00] Black must now prevent Nb3+.} Ka4 55. Ne4 Ka3 $2 (55... Rh5 $11) 56. Rb3+ Kxa2 57. Nxc5 {[%emt 0:00:00] White mates.} bxc5 $18 {[%emt 0:00:30] KR-KP} 58. Rb5 c4 59. Kf3 h5 60. Ke3 h4 61. Kd4 h3 62. Kc3 {[%emt 0:00:00] Quite a comeback for White.  Weighted Error Value: White=0.13 (very precise) /Black=0.35} 1-0

[Event "55th Iranian-ch Men Final 2022"]
[Site "Iran"]
[Date "2022.06.20"]
[Round "8.1"]
[White "Mosadeghpour, Masoud"]
[Black "Darini, Pouria"]
[Result "1-0"]
[ECO "B22"]
[WhiteElo "2474"]
[BlackElo "2431"]
[Annotator "RC"]
[PlyCount "55"]
[EventDate "2022.06.15"]
[EventType "tourn"]
[EventCountry "IRI"]
[SourceTitle "playchess.com"]
[Source "ChessBase"]
[SourceQuality "1"]
[TimeControl "40/5400+30:1800+30"]

1. e4 c5 2. d4 cxd4 3. c3 Nf6 4. e5 Nd5 5. Nf3 d6 6. Qxd4 e6 7. Nbd2 a6 8. exd6 Nc6 9. Qg4 h5 10. Qc4 Qxd6 11. g3 Bd7 12. Qe2 Qc7 13. Bg2 h4 14. O-O hxg3 15. hxg3 Be7 16. Ne4 e5 17. Rd1 Nf6 18. Nfg5 Bf5 19. Nxf6+ Bxf6 20. Bd5 O-O-O 21. Nxf7 Rxd5 22. Nxh8 Qd8 23. Rxd5 Qxd5 24. Qh5 Ne7 25. c4 Qe4 26. Bg5 g6 27. Nf7 Kc7 28. Qd1 1-0